 Dungeon Crawl Stone Soup version 0.17-a0-1164-g0ba867e (webtiles) character file.

46 neecht the Vexing (level 3, 0/16 HPs)
             Began as a Spriggan Enchanter on May 29, 2015.
             Slain by a worm (12 damage)
             ... on level 2 of the Dungeon.
             The game lasted 00:03:16 (998 turns).

neecht the Vexing (Spriggan Enchanter)               Turns: 998, Time: 00:03:17

Health: 0/16       AC:  8    Str:  5    XL:     3   Next: 46%
Magic:  2/9        EV: 18    Int: 16    God:
Gold:   206        SH:  0    Dex: 16    Spells: 2 memorised, 7 levels left

rFire  . . .     SeeInvis +     s - +0 dagger (protect)
rCold  . . .     Clarity  .     b - +1 robe
rNeg   . . .     SustAt   .     (shield restricted)
rPois  .         Gourm    .     (helmet restricted)
rElec  .         Spirit   .     (no cloak)
rCorr  .         Warding  .     (gloves unavailable)
rMut   .         Stasis   +     (boots unavailable)
MR     .....                    h - amulet of stasis
Stlth  +++.......               (no ring)
                                e - ring of teleportation (curse)

@: very slightly contaminated, very quick, not resistant to hostile
enchantments, fairly stealthy
A: unfitting armour, see invisible, herbivore 3, speed 3, slow metabolism 2
a: Evoke Teleportation


You were on level 2 of the Dungeon.
You were not hungry.

You visited 1 branch of the dungeon, and saw 2 of its levels.

You collected 206 gold pieces.

Inventory:

Hand weapons
 a - a +1 dagger
 j - a +0 dagger of speed
 s - a +0 dagger of protection (weapon)
Missiles
 g - 29 stones (quivered)
 o - 9 poisoned needles
 r - 8 needles of paralysis
Armour
 b - a +1 robe (worn)
Jewellery
 e - a cursed ring of teleportation (left hand)
 h - an amulet of stasis (around neck)
Scrolls
 f - a scroll of enchant armour {unknown}
 i - 2 scrolls of remove curse {unknown}
 k - a scroll of random uselessness {unknown}
 l - a scroll of identify {unknown}
 p - a scroll of immolation {unknown}
 q - a scroll of fear {unknown}
Potions
 n - a potion of might {unknown}
Books
 c - a book of Maledictions

   Spells                             Type                      Level
   a - Corona                         Hexes                        1
   b - Ensorcelled Hibernation        Hexes/Ice                    2
   c - Confuse                        Hexes                        3
   d - Tukima's Dance                 Hexes                        3
   e - Dazzling Spray                 Conjuration/Hexes            3
Comestibles
 d - a bread ration
 m - a slice of pizza


   Skills:
 - Level 1.1 Short Blades
 - Level 3.0 Dodging
 - Level 4.4 Stealth
 + Level 4.0 Spellcasting
 + Level 4.5 Hexes


You had 7 spell levels left.
You knew the following spells:

 Your Spells              Type           Power        Failure   Level  Hunger
a - Corona                Hex            ###....      2%          1    None
b - Ensorcelled Hibernat  Hex/Ice        ##....       12%         2    ##.....


Dungeon Overview and Level Annotations

Branches:
Dungeon (2/15)

Altars:


Innate Abilities, Weirdness & Mutations

You are tiny and cannot use many weapons and most armour.
You have supernaturally acute eyesight.
You are a herbivore.
You cover ground extremely quickly.
You need consume almost no food.


Message History

The worm barely misses you.
You barely miss the worm. You hit the worm.
The worm is moderately wounded.
The worm barely misses you.
You barely miss the worm.
The worm is lightly wounded.
You hit the worm.
The worm is moderately wounded.
The worm barely misses you.
You hit the worm but do no damage.
The worm is lightly wounded.
The worm misses you.
You hit the worm.
The worm is lightly wounded.
You hit the worm.
The worm is moderately wounded.
The worm bites you!
Ouch! That really hurt!
You die...

### #.. ..# #.# #.#
####.####.#
.......##.#
####......# ##
#......# ####### .#
#.#.##.#####..w..##
.#
#.#...†...#..@....#
.#
#.####.##.........#
.#
#.####.####.......#
.###.......#
#.......#
...##......#
#.##?##.#
.#.##......# #.# .#
.# .#.##......# #..
.. # .#.##......#
### .##
.#.##......#


You could see a worm.

Vanquished Creatures
  An adder (D:2)
  A worm (D:2)
  A giant gecko (D:2)
  4 bats
  2 giant cockroaches
  5 hobgoblins
  5 jackals (D:2)
  6 kobolds
  3 giant newts
  A goblin (D:1)
  2 rats
31 creatures vanquished.

Vanquished Creatures (others)
  A minotaur (D:1)
  2 octopodes (D:1)
  A vine stalker (D:1)
  A formicid (D:1)
  2 humans (D:1)
  2 centaurs (D:1)
  An orc (D:1)
  2 kobolds (D:1)
  12 tentacles (D:1)
  14 tentacle segments (D:1)
38 creatures vanquished.

Grand Total: 69 creatures vanquished

Notes
Turn   | Place    | Note
--------------------------------------------------------------
     0 | D:1      | neecht the Spriggan Enchanter began the quest for the Orb.
     0 | D:1      | Reached XP level 1. HP: 9/9 MP: 5/5
     0 | D:1      | Noticed an octopode
     0 | D:1      | Noticed a human
     0 | D:1      | Noticed an octopode
     0 | D:1      | Noticed a human
     0 | D:1      | Noticed a minotaur
     0 | D:1      | Noticed a kraken
     0 | D:1      | Noticed a formicid
     0 | D:1      | Noticed a centaur
     0 | D:1      | Noticed a centaur
     0 | D:1      | Noticed a vine stalker
     5 | D:1      | Killed a centaur
     6 | D:1      | Killed a centaur
     8 | D:1      | Killed a vine stalker
     9 | D:1      | Killed an octopode
    15 | D:1      | Killed a human
    16 | D:1      | Killed an octopode
    26 | D:1      | Killed a formicid
    27 | D:1      | Killed a minotaur
    31 | D:1      | Killed a human
   248 | D:1      | Reached XP level 2. HP: 11/13 MP: 7/7
   255 | D:1      | Learned a level 2 spell: Ensorcelled Hibernation
   768 | D:2      | Reached XP level 3. HP: 8/16 MP: 9/9
   998 | D:2      | Slain by a worm

Vault maps used:
D:1:      nicolae_arrival_kraken_aquarium_a

Action                   || total
-------------------------++-------
Melee: Dagger            ||   125
 Cast: Ensorcelled Hiber ||    10
 Stab: Sleeping          ||    15
